 Dungeon Crawl Stone Soup version 0.29-a0-721-g7f417c9bbb (webtiles) character file.

Game seed: 15707647811290821178

151 Shayle the Trooper (level 5, -1/49 HPs)
             Began as a Naga Warper on June 27, 2022.
             Slain by a gnoll
             ... wielding a +0 flail
              (7 damage)
             ... on level 3 of the Dungeon.
             The game lasted 00:08:43 (3098 turns).

Shayle the Trooper (Naga Warper)                    Turns: 3098, Time: 00:08:43

Health: -1/49      AC:  3    Str: 14    XL:     5   Next: 33%
Magic:  9/9        EV:  9    Int: 15    God:
Gold:   128        SH:  0    Dex: 10    Spells: 10/10 levels left

rFire   . . .      SeeInvis +   l - +2 short sword (holy)
rCold   . . .      Faith    .   (no shield)
rNeg    . . .      Spirit   .   a - +0 leather armour
rPois   +          Reflect  .   (no helmet)
rElec   .          Harm     .   (no cloak)
rCorr   .          Rampage  .   (no gloves)
Will    .....                   (no barding)
Stlth   +.........              (no amulet)
HPRegen 0.16/turn               (no ring)
MPRegen 0.11/turn               (no ring)

@: mighty, very slow
A: AC +1, large, see invisible, deformed body, poison resistance, slowness 2,
spit poison 1, naga tail 1
a: Spit Poison


You were on level 3 of the Dungeon.
You visited 1 branch of the dungeon, and saw 3 of its levels.

You collected 128 gold pieces.

Inventory:

Hand Weapons
 l - a +2 short sword of holy wrath (weapon)
Missiles
 j - 2 javelins (quivered)
Armour
 a - a +0 leather armour (worn)
Scrolls
 f - a scroll of noise
 g - a scroll of poison
 n - a scroll of vulnerability {unknown}
Potions
 k - a potion of lignification {unknown}


   Skills:
 + Level 3.4 Fighting
 - Level 0.8 Throwing
 - Level 0.7 Armour
 + Level 2.8 Dodging
 - Level 2.0 Unarmed Combat
 + Level 3.2 Spellcasting
 - Level 3.0 Translocations


You had 10 spell levels left.
You didn't know any spells.
Your spell library contained the following spells:

 Spells                   Type           Power      Damage    Failure   Level
 Blink                    Tloc           22%        N/A       11%         2
 Gell's Gravitas          Tloc           11%        N/A       22%         3
 Lesser Beckoning         Tloc           11%        N/A       22%         3
 Teleport Other           Tloc           11%        N/A       22%         3
 Manifold Assault         Tloc           11%        N/A       90%         5


Dungeon Overview and Level Annotations

Branches:
Dungeon (3/15)

Altars:

Annotations:
D:2 Natasha


Innate Abilities, Weirdness & Mutations

Your serpentine skin is tough. (AC +1)
You have supernaturally acute eyesight. (SInv)
Armour fits poorly on your strangely shaped body.
Your system is resistant to poisons. (rPois)
You cover ground very slowly.
You can spit poison.
You have a snake-like lower body.


Message History

The goblin is heavily wounded.
The goblin hits you with a +0 mace.
You hit the goblin but do no damage.
The goblin is heavily wounded.
The goblin hits you with a +0 mace.
* * * LOW HITPOINT WARNING * * *
You closely miss the goblin.
The goblin is heavily wounded.
The goblin barely misses you.
You hit the goblin but do no damage.
The goblin is heavily wounded.
The goblin hits you but does no damage.
You feel better. The goblin hits you but does no damage.
You hit the goblin but do no damage.
The goblin is heavily wounded.
The goblin barely misses you.
You closely miss the goblin.
The goblin is heavily wounded.
The goblin hits you with a +0 mace! The goblin barely misses you.
You hit the goblin but do no damage.
The goblin is moderately wounded.
The goblin barely misses you.
Aiming: Spit Poison (1% risk of failure)
Press: ? - help, Shift-Dir - straight line, f - goblin
Aim: a goblin, wielding a +0 mace and wearing a +0 chain mail (moderately wounded, 59% to hit)
The splash of poison hits the goblin.
The goblin is poisoned.
You kill the goblin!
You hit the gnoll.
The gnoll is moderately wounded.
The gnoll hits you with a +0 flail.
* * * LOW HITPOINT WARNING * * *
You closely miss the gnoll.
The gnoll is moderately wounded.
You have got your breath back.
The gnoll hits you with a +0 flail!
* * * LOW HITPOINT WARNING * * *
It was a potion of might.
You feel very mighty all of a sudden. The gnoll hits you with a +0 flail!
You die...

##.....## #.......## #...#....#
###### #........# ##....
##.....#.# ##...## ##)..##.#
#.....# #...##.######...#
#...##..........#
#...##########@## ###.#### #g#
# ##......## ##'## .#
#........# ##.†.## ####.# ##
#..#.##..# ##.....###.... ..
#..#.#...# #......g##..# .##..
#).#.....###.........#..#......
..)........'.........'..g......
#....>...###.........#.........


You could see a gnoll.

Vanquished Creatures
  Natasha (D:2)
  2 gnolls (D:3)
  4 adders
  A worm (D:2)
  6 bats
  An endoplasm (D:2)
  13 goblins
  5 hobgoblins
  5 kobolds
  A quokka (D:1)
  4 ball pythons
  3 frilled lizards
  4 rats
50 creatures vanquished.

Vanquished Creatures (collateral kills)
  Robin (D:3)
  An adder (D:3)
2 creatures vanquished.

Grand Total: 52 creatures vanquished

Notes
Turn   | Place    | Note
-------+----------+-------------------------------------------
     0 | D:1      | Shayle the Naga Warper began the quest for the Orb.
     0 | D:1      | Reached XP level 1. HP: 19/19 MP: 3/3
   420 | D:1      | Reached XP level 2. HP: 26/26 MP: 5/5
   475 | D:1      | Found a faded altar of an unknown god.
  1134 | D:2      | Reached XP level 3. HP: 29/33 MP: 6/6
  1252 | D:2      | Noticed Natasha
  1269 | D:2      | Killed Natasha
  1510 | D:2      | Reached XP level 4. HP: 20/40 MP: 8/8
  1722 | D:2      | Noticed Natasha
  1742 | D:2      | You fall into a shaft and drop 1 floor!
  2330 | D:3      | Noticed Robin
  2392 | D:3      | Killed Robin
  2629 | D:3      | Reached XP level 5. HP: 26/49 MP: 9/9
  3098 | D:3      | Slain by a gnoll

Illustrated notes

Levels and vault maps discovered:
D:1:      wander_arrival_lonely_grave, layout_loops_ring,
          chequers_ecumenical_altar_island, hangedman_decor_push
D:2:      layout_rooms, kennysheep_crisscross, uniq_natasha,
          uniq_crazy_yiuf_cottage
D:3:      layout_loops_corners, kennysheep_generic_room_15, uniq_robin

Skill      XL: |  1  2  3  4 |
---------------+-------------+-----
Dodging        | 2 |  2.8
Fighting       | 3 |  3.4
Spellcasting   | 3 |  3.2
Throwing       | |  0.8
Armour         | |  0.7
Unarmed Combat | |  2.0
Translocations | |  3.0

Action                   |  1- 3 |  4- 6 || total
-------------------------+-------+-------++-------
Melee: Unarmed           |    57 |     8 ||    65
       Short sword       |       |    90 ||    90
       Punch             |       |     1 ||     1
Throw: Boomerang         |     3 |     4 ||     7
       Javelin           |       |     2 ||     2
       Throwing net      |       |     2 ||     2
 Abil: Spit Poison       |    18 |    12 ||    30
  Use: Scroll            |       |     5 ||     5
       Potion            |       |     3 ||     3
Armor: Leather armour    |    13 |    29 ||    42
Dodge: Dodged            |    36 |    67 ||   103

Table legend: (Time is in decaauts)
 A = Elapsed time spent in this place.
 B = Non-inter-level travel time spent in this place.
 C = Inter-level travel time spent in this place.
 D = Time resting spent in this place.
 E = Time spent auto-exploring this place.
 F = Levels seen in this place.
 G = Mean time per level.
                   A        B        C        D        E       F      G
               +--------+--------+--------+--------+--------+-----+--------+
         Total |   3688 |   3642 |     46 |   1289 |   1681 |   3 | 1229.3 |
       Dungeon |   3688 |   3642 |     46 |   1289 |   1681 |   3 | 1229.3 |
               +--------+--------+--------+--------+--------+-----+--------+

Top non-repeatable levels by time:
     D:3: 1605 daAuts
     D:2: 1091 daAuts
     D:1: 992 daAuts
